 Dungeon Crawl Stone Soup version 0.30-a0-782-ge64f9170bb (console) character file.

Game seed: 1338525895479665595

2613 utis the Ducker (level 9, -2/56 HPs)
             Began as a Tengu Wanderer on Feb 26, 2023.
             Slain by a spriggan
             ... wielding the +8 mithril axe "Arga" {speed, Will+}
              (39 damage)
             ... in a bailey.
             The game lasted 00:29:49 (8901 turns).

utis the Ducker (Tengu Wanderer)                    Turns: 8901, Time: 00:29:50

Health: -2/56      AC:  9    Str: 13    XL:     9   Next: 60%
Magic:  10/10      EV: 24    Int: 10    God:
Gold:   159        SH:  0    Dex: 20    Spells: 8/8 levels left

rFire   . . .      SeeInvis .    B - +2 dagger (elec)
rCold   . . .      Faith    .    (no shield)
rNeg    . . .      Spirit   .    L - +0 acid dragon scales
rPois   .          Reflect  .    (helmet restricted)
rElec   .          Harm     .    (no cloak)
rCorr   +          Rampage  .    J - +0 pair of gloves
Will    .....                    (boots unavailable)
Stlth   ++                       y - amulet of the acrobat
HPRegen 0.29/turn                E - +5 ring of evasion
MPRegen 0.12/turn                (no ring)

@: flying quickly and evasively, quick
A: beak, talons 3, nimble flight
a: no special abilities


You were in a bailey.
You visited 1 branch of the dungeon, and saw 7 of its levels.
You also visited: Bailey.

You collected 298 gold pieces.
You spent 139 gold pieces at shops.

Inventory:

Hand Weapons
 a - a +2 mace of draining
 b - a +0 short sword
 c - a +2 quarterstaff
 d - a +0 dagger
 n - a +0 sling
 x - a +0 halberd
 B - a +2 dagger of electrocution (weapon)
Missiles
 g - 73 stones
 r - 6 boomerangs
 z - 9 poisoned darts (quivered)
 I - a curare-tipped dart {=f}
Armour
 f - a +0 robe
 o - a +0 chain mail
 J - a +0 pair of gloves (worn)
 L - +0 acid dragon scales (worn)
Jewellery
 y - an amulet of the acrobat (around neck)
 E - a +5 ring of evasion (left hand)
 F - a ring of protection from fire
Wands
 D - a wand of polymorph (7)
Scrolls
 i - 3 scrolls of identify {@r1}
 j - a scroll of fear {unknown}
 k - 2 scrolls of teleportation {@r4}
 m - a scroll of poison {unknown}
 p - a scroll of immolation
 s - a scroll of torment {unknown}
 v - a scroll of amnesia {unknown}
 w - 4 scrolls of blinking
 C - a scroll of silence {unknown}
Potions
 e - 2 potions of attraction
 h - a potion of mutation {!q}
 q - a potion of flight
 t - a potion of magic
 u - a potion of haste {@q3}
 A - 2 potions of curing {@q1}
 G - a potion of might
 H - 2 potions of brilliance
 K - a potion of experience {unknown}


   Skills:
 + Level 6.3 Fighting
 - Level 3.2 Short Blades
 - Level 6.4 Staves
 - Level 3.0 Throwing
 + Level 7.0 Armour
 + Level 7.1 Dodging
 - Level 3.0 Stealth


You had 8 spell levels left.
You didn't know any spells.
Your spell library contained the following spells:

 Spells                   Type           Power      Damage    Failure   Level
 Beastly Appendage        Tmut           0%         N/A       45%         1
 Wereblood                Tmut           0%         N/A       61%         2
 Portal Projectile        Hex/Tloc       0%         N/A       83%         3
 Spider Form              Tmut/Pois      0%         N/A       83%         3
 Tukima's Dance           Hex            0%         N/A       83%         3
 Blade Hands              Tmut           0%         N/A       100%        5


Dungeon Overview and Level Annotations

Branches:
Dungeon (7/15)             Temple (0/1) D:7          Bailey (1/1)

Altars:
Cheibriados
Elyvilon
Gozag
Kikubaaqudgha
Makhleb
Nemelex Xobeh
Okawaru
Sif Muna
Trog
Wu Jian
Xom

Shops:
D:6 *

Annotations:
D:5 1 runed translucent door, Crazy Yiuf; Duvessa; MagicSucks's ghost, novice NaWn


Innate Abilities, Weirdness & Mutations

You have a beak for a mouth.
You have claws for feet.
Your magical nature lets you fly swiftly and evasively.


Message History

The spriggan shouts!
Press: ? - help, v - describe, . - travel
Here: a spriggan, wielding the +8 mithril axe "Arga" {speed, Will+} Some shallow water.
Unknown command.
You throw a poisoned dart. The poisoned dart hits the spriggan.
The spriggan is poisoned.
You barely miss the spriggan. Your kick misses the spriggan.
The spriggan is lightly wounded.
The spriggan completely misses you.
You miss the spriggan. Your kick misses the spriggan. You peck the spriggan.
The spriggan is lightly wounded.
The spriggan barely misses you.
You closely miss the spriggan. Your kick misses the spriggan.
You peck the spriggan.
The spriggan is moderately wounded.
The spriggan misses you.
The spriggan drinks a potion.
The spriggan seems to grow stronger.
You miss the spriggan.
The spriggan is moderately wounded.
The spriggan looks more healthy.
The spriggan barely misses you.
You barely miss the spriggan. Your kick misses the spriggan.
You peck the spriggan, but do no damage.
The spriggan is moderately wounded.
The spriggan hits you with the +8 mithril axe "Arga" {speed, Will+}!!
Aiming: Polymorph
Press: ? - help, Shift-Dir - straight line, f/p - spriggan
Aim: a spriggan, wielding the +8 mithril axe "Arga" {speed, Will+} (moderately wounded, strong, will become a polar bear, a basilisk, or a troll, chance to affect: 1%)
Okay, then.
Unknown command.
Unknown command.
Unknown command.
Okay, then.
Unknown command.
Unknown command.
You barely miss the spriggan.
The spriggan is moderately wounded.
The spriggan closely misses you.
You hit the spriggan. Your kick misses the spriggan. You peck the spriggan.
The spriggan is heavily wounded.
The spriggan hits you with the +8 mithril axe "Arga" {speed, Will+}!!!
Ouch! That really hurt!
You die...

░~~~~~░
▒▒~~~~)▒▒
▒▒.....).▒▒
▒.........▒▒
▒..▒▒▒▒▒▒▒..▒▒
▒..░ ▒░..▒▒
▒..▒ ░░..▒▒
..░ ▒▒).▒ ..
▒Q.▒ ♣i.▒ ░..▒
. ▒..▒ ➘. ░..▒
➘i♣ ▒▒➘.▒ ..
▒▒..▒▒
.▒♣▒░i░░▒░..▒▒
....~~~..i.▒▒


You could see a spriggan (strong).

Vanquished Creatures
  Pikel (D:4)
  Grinder (D:4)
  A spriggan (Bailey)
  Sigmund (D:3)
  A wyvern (D:4)
  A swamp drake (D:6)
  An ice beast (D:6)
  A black bear (D:4)
  2 ogres (Bailey)
  A kobold brigand (D:6)
  A phantom (D:3)
  3 scorpions (D:5)
  2 necrophages
  Dowan (D:5)
  A crimson imp (D:4)
  5 hounds
  A jelly (D:4)
  2 orc priests
  Ijyb (D:5)
  An orc wizard (D:4)
  2 iguanas
  3 gnolls (D:4)
  4 adders
  2 shadow imps
  2 white imps
  An ufetubus (D:4)
  12 orcs
  6 ball pythons
  3 bats
  8 endoplasms
  3 giant cockroaches
  13 goblins
  11 hobgoblins
  4 jackals
  8 kobolds
  2 quokkas
  7 frilled lizards
  6 rats
126 creatures vanquished.

Notes
Turn   | Place    | Note
-------+----------+-------------------------------------------
     0 | D:1      | utis the Tengu Wanderer began the quest for the Orb.
     0 | D:1      | utis set off with the following items: a +2 quarterstaff, a
                  | +0 short sword, 11 poisoned darts, a +0 dagger, a potion of
                  | attraction, a +0 robe.
     0 | D:1      | Reached XP level 1. HP: 12/12 MP: 2/2
    72 | D:1      | Reached XP level 2. HP: 16/16 MP: 3/3
   109 | D:1      | Reached skill level 1 in Dodging
   109 | D:1      | Reached skill level 1 in Stealth
   121 | D:1      | Found a faded altar of an unknown god.
   404 | D:1      | Reached XP level 3. HP: 20/20 MP: 4/4
  1192 | D:2      | Found an ancient bone altar of Kikubaaqudgha.
  1410 | D:2      | Reached XP level 4. HP: 23/25 MP: 5/5
  1813 | D:3      | Found an ornate altar of the Wu Jian Council.
  2069 | D:3      | Noticed Sigmund
  2071 | D:3      | fuckit
  2083 | D:3      | Killed Sigmund
  2084 | D:3      | Reached skill level 5 in Staves
  2084 | D:3      | Gained mutation: Your magical nature lets you fly swiftly
                  | and evasively. [Tengu growth]
  2084 | D:3      | Reached XP level 5. HP: 20/30 MP: 6/6
  2241 | D:3      | Reached XP level 6. HP: 35/36 MP: 7/7
  2824 | D:4      | Noticed a black bear
  3194 | D:4      | Killed a black bear
  3312 | D:4      | Noticed Pikel
  3317 | D:4      | Reached XP level 7. HP: 41/41 MP: 8/8
  3502 | D:4      | Killed Pikel
  3503 | D:4      | Reached XP level 8. HP: 19/48 MP: 9/9
  3518 | D:4      | Noticed a wyvern
  3762 | D:4      | Found a bloodstained altar of Trog.
  3764 | D:4      | Found a sparkling altar of Nemelex Xobeh.
  3767 | D:4      | Found a shimmering altar of Xom.
  4130 | D:4      | Found a white marble altar of Elyvilon.
  4484 | D:4      | Noticed Grinder
  4484 | D:4      | Paralysed by Grinder for 2 turns
  4497 | D:4      | Paralysed by Grinder for 2 turns
  4517 | D:4      | Paralysed by Grinder for 5 turns
  4529 | D:4      | fucking fingers
  4538 | D:4      | Paralysed by Grinder for 5 turns
  4687 | D:5      | Entered Level 5 of the Dungeon
  4950 | D:5      | Found a burning altar of Makhleb.
  5316 | D:4      | Killed a wyvern
  5317 | D:4      | Reached skill level 5 in Armour
  5317 | D:4      | Reached skill level 5 in Dodging
  5475 | D:4      | Paralysed by Grinder for 2 turns
  5485 | D:4      | Paralysed by Grinder for 5 turns
  5683 | D:4      | Killed Grinder
  5684 | D:4      | Reached skill level 5 in Fighting
  5865 | D:5      | Noticed Dowan
  5878 | D:5      | Killed Dowan
  5882 | D:5      | Noticed Duvessa
  5999 | D:5      | Found a snail-covered altar of Cheibriados.
  6074 | D:5      | Found a runed translucent door.
  6080 | D:5      | Noticed MagicSucks's ghost (novice NaWn)
  6434 | D:5      | Reached XP level 9. HP: 54/54 MP: 10/10
  6654 | D:5      | Found an iron altar of Okawaru.
  6676 | D:5      | Noticed Ijyb
  6685 | D:5      | Killed Ijyb
  6958 | D:5      | Found a runed translucent door.
  6959 | D:5      | Noticed Crazy Yiuf
  7073 | D:5      | what
  7274 | D:6      | Noticed Maggie
  7276 | D:6      | Maggie changed into Maggie the swamp drake
  7276 | D:6      | Noticed Maggie
  7295 | D:6      | Killed Maggie the swamp drake
  7326 | D:6      | Identified the +1 robe of Sacwoj {Int+2}
  7364 | D:6      | what
  7911 | D:6      | Found Nisexire's Assorted Antiques.
  7919 | D:6      | Bought a pair of gloves for 139 gold pieces
  8011 | D:6      | Found an opulent altar of Gozag.
  8569 | D:7      | Found a shimmering blue altar of Sif Muna.
  8607 | D:7      | Found a staircase to the Ecumenical Temple.
  8639 | D:7      | Found a flagged portal.
  8648 | Bailey   | Entered a bailey
  8901 | Bailey   | Slain by a spriggan

Illustrated notes ░░░ ░░░░░░░░░░░░░░░ ░.. .............░░░ ░.░ ░>...........░░ ░.. ░...░░░░░░.░..░░░░░░ .......░Q................ .......░░░░░░░░░░░....░░░ ....... ░░░░.░░░ ......@ ░.).░ ...➘... ░░░.. ....... ░░. .░░.... ░░ Turn 2071 on D:3: fuckit .░░░░░░░..▒▒.▒▒..░ .░░ ░...▒.▒...░ .)░ ░░░░.........░ ░)░░░...........░░ ░.░░..░░.........░ ░..░.░░░...▒.▒5..░░ ░...5░ ░..▒▒.▒▒...░ .....░░░..▒...▒...░ ......░░.▒▒...▒▒Q.░ ...░...░.▒..~..▒..░ ░..░░..§.▒.~~~.▒..░░░░ ░..░░░...▒.~~~.▒.....░ ░..░ ░░..▒.~≈~.▒.░░░.░ ░..░ ░░░.▒..~..▒.░░░.░ ░..░░░.░.▒▒...▒▒.░...░ ░.........▒▒▒▒▒...░░.░ .................░░..░ Turn 4529 on D:4: fucking fingers

░...................░░░░........
░░░░░░................░░░░......
░........e.......░ ░......
░.░..............░░░░......
░.░........................
░.░░░░░..............░░░░..
░.░░.................░░....
░.░░......W░░........░░....
░░'░░......Q░░..............
░......░......░░░░░░░.......
░......░......░...░.........
░......░......░...░.........
░░.░░.......░░░........░░░'░
░.░░......░░░░........░ ░..
░.░░..[...............░ ░..
░░░░░░░░░░............░░░..
░............░...░


Turn 7073 on D:5: what .░ ░.........░.░ .░ ░......░░.░.░ .░ ░......░░.░.░.░.░ .░
░░.░.░..░.░.░.░.░░░░ .░░░░░░........░.░......░ ........░.░.░░'░.░......░
.░░░░░░..........░..... .░░░ ░░.░.......░... ...░ ░.░.░....Q░.░░░░ .░.░
░.░.░.....Y....░ ░░.░ ░.░.░░░░░......░ ░░.░ ░.░.░ ░......░ ...░ .░ ░......░ ░░░░
.......░ ░ .........░ ░ ...░.....░ ░ ....░....>. Turn 7364 on D:6: what

Levels and vault maps discovered:
D:1:      heliophobic_arrival_glass_houses, layout_basic, basic_ecumenical_altar
D:2:      layout_loops_ring, basic_altar
D:3:      layout_basic, nzn_wu_jian_contemplation, uniq_sigmund
D:4:      layout_cave_pods, mainiacjoe_overflow_concentric_impassable,
          minmay_overflow_temple_star_quad, minmay_fire_ice_demons, uniq_pikel,
          uniq_grinder
D:5:      layout_basic, mainiacjoe_overflow_paths, nicolae_overflow_squiral,
          ebering_ghost_reflecting_pool, uniq_crazy_yiuf_cottage, uniq_ijyb,
          uniq_duvessa
D:6:      layout_basic, nicolae_gozag_cash_rules_everything_around_me,
          serial_glass, glass_columns_a, glass_columns_a, glass_columns_a,
          minmay_strange_pillars, minmay_strange_pillars, item_on_display_a,
          serial_shops, shop, uniq_maggie
D:7:      layout_gridville, nicolae_sif_muna_condensation, lemuel_tele_altar,
          minmay_temple_entry_arrows, enter_bailey_5
Bailey:   bailey_polearm_enchanted_keep_hellmonk, bailey

Skill      XL: |  1  2  3  4  5  6  7  8  9 |
---------------+----------------------------+-----
Dodging        | 1 2 3 4 5 7 |  7.1
Stealth        | 1 2 3 |  3.0
Throwing       | 2 3 |  3.0
Fighting       | 2 3 4 5 6 |  6.3
Staves         | 5 6 |  6.4
Armour         | 2 3 4 5 7 |  7.0
Short Blades   | |  3.2

Action                     |  1- 3 |  4- 6 |  7- 9 || total
---------------------------+-------+-------+-------++-------
  Melee: Quarterstaff      |    71 |    64 |    97 ||   232
         Kick              |    12 |    15 |    57 ||    84
         Peck              |     8 |     9 |    53 ||    70
         Mace              |       |       |    32 ||    32
         Dagger            |       |       |    62 ||    62
         Punch             |       |       |     2 ||     2
  Throw: Dart              |       |     7 |    35 ||    42
         Boomerang         |       |     6 |    13 ||    19
  Evoke: Wand              |       |       |     2 ||     2
    Use: Scroll            |       |     3 |    11 ||    14
   Stab: Sleeping          |     3 |       |       ||     3
 Armour: Robe              |     5 |       |       ||     5
         Chain mail        |    14 |    32 |    63 ||   109
  Dodge: Dodged            |    29 |    18 |    93 ||   140

Table legend: (Time is in decaauts)
 A = Elapsed time spent in this place.
 B = Non-inter-level travel time spent in this place.
 C = Inter-level travel time spent in this place.
 D = Time resting spent in this place.
 E = Time spent auto-exploring this place.
 F = Levels seen in this place.
 G = Mean time per level.
                   A        B        C        D        E       F      G
               +--------+--------+--------+--------+--------+-----+--------+
         Total |   8470 |   8131 |    339 |   1897 |   4488 |   8 | 1058.8 |
       Dungeon |   8232 |   7893 |    339 |   1795 |   4447 |   7 | 1176.0 |
        Bailey |    237 |    237 |      0 |    102 |     40 |   1 |  237.0 |
               +--------+--------+--------+--------+--------+-----+--------+

Top non-repeatable levels by time:
     D:4: 2249 daAuts
     D:3: 1455 daAuts
     D:5: 1396 daAuts
     D:6: 1318 daAuts
     D:2: 907 daAuts
     D:1: 863 daAuts
  Bailey: 237 daAuts
     D:7: 41 daAuts
